 Dungeon Crawl Stone Soup version 0.25.1-2-g60ff931df9 (webtiles) character file.

Game seed: 3068959240835973213

272 gas the Archer (level 6, -4/51 HPs)
             Began as a Centaur Hunter on Aug 11, 2020.
             Slain by an orc
             ... wielding a +0 war axe
              (9 damage)
             ... on level 3 of the Dungeon.
             The game lasted 00:09:36 (2507 turns).

gas the Archer (Centaur Hunter)                     Turns: 2507, Time: 00:09:37

Health: -4/51      AC:  5    Str: 14    XL:     6   Next: 2%
Magic:  6/6        EV:  9    Int: 10    God:
Gold:   129        SH:  0    Dex: 12    Spells: 5/5 levels left

rFire    . . .     SeeInvis .   b - +0 short sword
rCold    . . .     Gourm    .   (no shield)
rNeg     . . .     Faith    .   c - +0 leather armour
rPois    .         Spirit   .   (no helmet)
rElec    .         Reflect  .   k - +0 cloak
rCorr    .         Harm     .   (no gloves)
MR       .....                  (no barding)
Stlth    +.........             (no amulet)
HPRegen  0.17/turn              (no ring)
MPRegen  0.10/turn              (no ring)

@: very quick
A: large, hooves 3, deformed body, speed 2, tough skin 3
a: no special abilities


You were on level 3 of the Dungeon.
You were not hungry.

You visited 1 branch of the dungeon, and saw 3 of its levels.

You collected 129 gold pieces.

Inventory:

Hand Weapons
 a - a +1 shortbow
 b - a +0 short sword (weapon)
Missiles
 d - 4 arrows
Armour
 c - a +0 leather armour (worn)
 k - a +0 cloak (worn)
Scrolls
 g - a scroll of remove curse {unknown}
 h - 3 scrolls of amnesia {unknown}
 i - 2 scrolls of identify {unknown}
 j - a scroll of teleportation {unknown}
 l - a scroll of random uselessness {unknown}
 n - a scroll of blinking {unknown}
Potions
 e - a potion of haste
Comestibles
 m - a ration


   Skills:
 + Level 3.1 Fighting
 + Level 8.8 Bows
 + Level 0.4 Armour
 + Level 1.5 Dodging
 + Level 0.4 Stealth


You had 5 spell levels left.
You didn't know any spells.
Your spell library was empty.

Dungeon Overview and Level Annotations

Branches:
Dungeon (3/15)

Altars:
Cheibriados
The Shining One


Innate Abilities, Weirdness & Mutations

You have hooves in place of feet.
Armour fits poorly on your strangely shaped body.
You cover ground very quickly.
You have extremely tough skin. (AC +3)


Message History

The orc is moderately wounded.
You hit the orc but do no damage. Your kick misses the orc.
The orc is moderately wounded.
The orc hits you with a +0 war axe.
* * * LOW HITPOINT WARNING * * *
You completely miss the orc.
The orc is moderately wounded.
You feel yourself slow down. The orc hits you with a +0 war axe.
* * * LOW HITPOINT WARNING * * *
You closely miss the orc.
The orc is moderately wounded.
The orc barely misses you.
You hit the orc but do no damage. You kick the orc, but do no damage.
The orc is moderately wounded.
The orc barely misses you.
You hit the orc but do no damage.
The orc is moderately wounded.
The orc hits you with a +0 war axe!
You die...

###..# ##.##
#..#####
##.....# #.
#####.#
#####....
#.####.)(..(#
#.>..)†##..##.
##..##.(......
####o@#(###..
.......##(#
....... .
...#### .( ..
## .


You could see an orc.

Vanquished Creatures
  Sigmund (D:2)
  An orc priest (D:3)
  2 adders (D:2)
  A gnoll (D:1)
  A worm (D:2)
  A dart slug (D:2)
  3 leopard geckos
  3 orcs (D:3)
  8 bats
  4 giant cockroaches
  8 goblins
  7 hobgoblins
  4 jackals (D:2)
  2 frilled lizards
  5 kobolds
  4 rats
55 creatures vanquished.

Notes
Turn   | Place    | Note
-------+----------+-------------------------------------------
     0 | D:1      | gas the Centaur Hunter began the quest for the Orb.
     0 | D:1      | Reached XP level 1. HP: 17/17 MP: 1/1
   132 | D:1      | Reached XP level 2. HP: 24/24 MP: 2/2
   212 | D:1      | Reached skill level 6 in Bows
   411 | D:1      | Reached XP level 3. HP: 18/29 MP: 3/3
  1131 | D:2      | Found a snail-covered altar of Cheibriados.
  1338 | D:2      | Reached skill level 7 in Bows
  1559 | D:2      | Found a glowing golden altar of the Shining One.
  1615 | D:2      | Noticed Sigmund
  1624 | D:2      | Killed Sigmund
  1624 | D:2      | Reached skill level 8 in Bows
  1624 | D:2      | Reached XP level 4. HP: 19/38 MP: 4/4
  1624 | D:2      | Reached XP level 5. HP: 22/45 MP: 5/5
  1884 | D:2      | Found a faded altar of an unknown god.
  2434 | D:3      | Reached XP level 6. HP: 46/51 MP: 6/6
  2507 | D:3      | Slain by an orc

Illustrated notes

Levels and vault maps discovered:
D:1:      minmay_arrival_open_corners, layout_basic
D:2:      layout_basic, kennysheep_slug_shrine, tso_metal_star,
          chequers_ecumenical_altar_simple_redux, dk_noncrumbling_2,
          st_stairs_1, corexii_leaking_fountain, uniq_sigmund
D:3:      layout_rooms, minmay_misc_feat_iff, nemelex_diamond_rough_becter

Skill      XL: |  1  2  3 |
---------------+----------+-----
Bows           | 6 8 |  8.8
Fighting       | 3 |  3.1
Armour         | |  0.4
Dodging        | |  1.5
Stealth        | |  0.4

Action                   |  1- 3 |  4- 6 || total
-------------------------+-------+-------++-------
Melee: Short sword       |       |    16 ||    16
       Kick              |       |     5 ||     5
 Fire: Shortbow          |   134 |    49 ||   183
  Use: Potion            |       |     1 ||     1
  Eat: Chunk             |     1 |       ||     1
       Ration            |       |     1 ||     1
Armor: Leather armour    |    18 |    13 ||    31
Dodge: Dodged            |    20 |    14 ||    34
